 Dungeon Crawl Stone Soup version 0.30.1-11-g7821555f0a (webtiles) character file.

Game seed: 15863439437595632565

184 Kranky the Digger (level 5, 0/31 HPs)
             Began as a Gargoyle Earth Elementalist on Dec 29, 2023.
             Slain by Grinder (2 damage)
             ... on level 3 of the Dungeon.
             The game lasted 00:05:41 (2591 turns).

Kranky the Digger (Gargoyle Earth Elementalist)     Turns: 2591, Time: 00:05:42

Health: 0/31       AC:  9    Str: 13    XL:     5   Next: 64%
Magic:  1/9        EV: 10    Int: 16    God:
Gold:   127        SH:  5    Dex: 10    Spells: 9/10 levels left

rFire   . . .        o - +1 flail (protect)
rCold   . . .        (no shield)
rNeg    + . .        f - +0 ring mail
rPois   ∞            (no helmet)
rElec   +            (no cloak)
rCorr   .            (no gloves)
SInv    .            (no boots)
Will    .....        k - amulet of reflection
Stlth   +            (no ring)
HPRegen 0.25/turn    (no ring)
MPRegen 0.11/turn

%: reflection
@: no status effects
A: sickness immunity, AC +4, negative energy resistance 1, electricity
resistance, torment resistance 1, petrification resistance
a: no special abilities


You were on level 3 of the Dungeon.
You visited 1 branch of the dungeon, and saw 3 of its levels.

You collected 127 gold pieces.

Inventory:

Hand Weapons
 e - a +0 war axe
 o - a +1 flail of protection (weapon)
Armour
 a - a +0 robe
 f - a +0 ring mail (worn)
Jewellery
 k - an amulet of reflection (around neck)
Scrolls
 d - 7 scrolls of teleportation {unknown}
 g - 2 scrolls of noise {unknown}
 h - a scroll of identify {unknown}
 i - a scroll of vulnerability {unknown}
 n - a scroll of amnesia {unknown}
 s - a scroll of fog {unknown}
Potions
 b - a potion of magic
 c - a potion of ambrosia {unknown}
 j - a potion of degeneration {unknown}
 l - a potion of berserk rage {unknown}
 m - 2 potions of curing
 p - a potion of might {unknown}
 q - a potion of heal wounds {unknown}
 r - a potion of flight {unknown}


   Skills:
 + Level 2.6 Fighting
 + Level 2.6 Armour
 - Level 1.5 Dodging
 - Level 2.1 Stealth
 + Level 3.0 Spellcasting
 - Level 0.7 Transmutations
 + Level 4.8 Earth Magic


You had 9 spell levels left.
You knew the following spells:

 Your Spells              Type           Power      Damage    Failure   Level
a - Sandblast             Erth           34%        2d9       5%          1

Your spell library contained the following spells:

 Spells                   Type           Power      Damage    Failure   Level
 Passwall                 Tmut/Erth      9%         N/A       19%         2
 Stone Arrow              Conj/Erth      20%        3d8       38%         3
 Petrify                  Tmut/Erth      11%        N/A       77%         4


Dungeon Overview and Level Annotations

Branches:
Dungeon (3/15)

Altars:
Ashenzari

Annotations:
D:3 Grinder


Innate Abilities, Weirdness & Mutations

You are immune to sickness and miasma.
Your stone body is resilient. (AC +4)
You are immune to poison.
You resist negative energy. (rN+)
You are resistant to electric shocks. (rElec)
You are resistant to unholy torment.
You are immune to petrification.


Message History

You closely miss Grinder.
Grinder is severely wounded.
Grinder hits you! You block Grinder's attack.
Casting: Sandblast (safe; 5% risk of failure)
Confirm with . or Enter, or press ? or * to list all spells.
Aiming: Sandblast (safe; 5% risk of failure)
Press: ? - help, Shift-Dir - straight line, f/p - Grinder
Aim: Grinder (severely wounded, 80% to hit)
The blast of sand hits Grinder!
Grinder is almost dead.
Grinder barely misses you.
Unknown command.
Casting: Sandblast (safe; 5% risk of failure)
Confirm with . or Enter, or press ? or * to list all spells.
Aiming: Sandblast (safe; 5% risk of failure)
Press: ? - help, Shift-Dir - straight line, f/p - Grinder
Aim: Grinder (almost dead, 80% to hit)
The blast of sand misses Grinder.
Grinder hits you.
You writhe in agony.
Grinder hits you.
* * * LOW HITPOINT WARNING * * *
Unknown command.
Casting: Sandblast (safe; 5% risk of failure)
Confirm with . or Enter, or press ? or * to list all spells.
Aiming: Sandblast (safe; 5% risk of failure)
Press: ? - help, Shift-Dir - straight line, f/p - Grinder
Aim: Grinder (almost dead, 80% to hit)
The blast of sand misses Grinder.
Grinder hits you.
* * * LOW HITPOINT WARNING * * *
Unknown command.
Casting: Sandblast (safe; 5% risk of failure)
Confirm with . or Enter, or press ? or * to list all spells.
Aiming: Sandblast (safe; 5% risk of failure)
Press: ? - help, Shift-Dir - straight line, f/p - Grinder
Aim: Grinder (almost dead, 80% to hit)
The blast of sand hits Grinder.
Grinder is almost dead.
Grinder hits you.
* * * LOW HITPOINT WARNING * * *
You writhe in agony.
You die...

##.#.##...###.#
.....##...# #.#
###.########
#.# #+ #.# ...
##.## .=..
###...## .....
#..###.##
......###.##
##.#
......5@..# #.#
......###.##
##.# .....
#..###.####
....
#.........# ...
##.#.####.# #+
#.#...##.#
#.###.##.#
#........#
#####.####


You could see Grinder.

Vanquished Creatures
  Natasha (twice) (D:2)
  4 gnolls
  3 adders
  5 worms
  3 bats
  5 endoplasms
  3 giant cockroaches
  5 goblins
  6 hobgoblins
  5 quokkas
  6 ball pythons
  2 frilled lizards
  2 kobolds
  7 rats
58 creatures vanquished.

Notes
Turn   | Place    | Note
-------+----------+-------------------------------------------
     0 | D:1      | Kranky the Gargoyle Earth Elementalist began the quest for
                  | the Orb.
     0 | D:1      | Reached XP level 1. HP: 10/10 MP: 3/3
   127 | D:1      | Reached skill level 1 in Fighting
   127 | D:1      | Reached XP level 2. HP: 9/16 MP: 0/5
   225 | D:1      | Reached skill level 1 in Armour
   405 | D:1      | Reached skill level 4 in Earth Magic
   692 | D:1      | Reached XP level 3. HP: 20/20 MP: 4/6
  1301 | D:2      | Noticed Natasha
  1308 | D:2      | Killed Natasha
  1309 | D:2      | Reached XP level 4. HP: 17/26 MP: 2/7
  1342 | D:2      | Noticed Natasha
  1357 | D:2      | Killed Natasha
  1912 | D:3      | Reached XP level 5. HP: 30/30 MP: 7/9
  2128 | D:3      | Found a broken altar of Ashenzari.
  2575 | D:3      | Noticed Grinder
  2583 | D:3      | Paralysed by Grinder for 2 turns
  2591 | D:3      | Slain by Grinder

Illustrated notes

Levels and vault maps discovered:
D:1:      wander_arrival_lonely_grave, layout_basic,
          chequers_serial_rivers_room_a
D:2:      layout_basic, uniq_natasha
D:3:      layout_loops_corners, ashenzari_altar_1, st_stairs_12, uniq_grinder

Skill      XL: |  1  2  3  4  5 |
---------------+----------------+-----
Fighting       | 1 2 |  2.6
Armour         | 1 2 |  2.6
Earth Magic    | 4 |  4.8
Spellcasting   | 3 |  3.0
Dodging        | |  1.5
Stealth        | |  2.1
Transmutations | |  0.7

Action                     |  1- 3 |  4- 6 || total
---------------------------+-------+-------++-------
  Melee: War axe           |     4 |    46 ||    50
         Flail             |       |    17 ||    17
   Cast: Sandblast         |    35 |    44 ||    79
 Armour: Robe              |     4 |       ||     4
         Ring mail         |     8 |    32 ||    40
  Dodge: Dodged            |    18 |    48 ||    66
  Block: Other             |       |    15 ||    15
